 Dungeon Crawl Stone Soup version 0.26-a0-682-g294304f6e8 (webtiles) character file.

Game seed: 11756494919282712979

75 Ijustatesigmund the Magician (level 4, 0/23 HPs)
             Began as a Spriggan Hedge Wizard on Oct 21, 2020.
             Slain by a goblin
             ... wielding a +0 dagger
              (1 damage)
             ... on level 3 of the Dungeon.
             The game lasted 00:06:17 (3170 turns).

Ijustatesigmund the Magician (SpWz)                 Turns: 3170, Time: 00:06:18

Health: 0/23       AC:  2    Str:  6    XL:     4   Next: 11%
Magic:  8/11       EV: 18    Int: 15    God:
Gold:   49         SH:  0    Dex: 16    Spells: 8/11 levels left

rFire    . . .     SeeInvis +   k - +1 rapier
rCold    . . .     Faith    .   (shield restricted)
rNeg     . . .     Spirit   .   b - +0 robe
rPois    .         Reflect  .   c - +0 hat
rElec    .         Harm     .   (no cloak)
rCorr    .         Rampage  .   (gloves unavailable)
MR       .....                  (boots unavailable)
Stlth    ++........             e - amulet of the acrobat
HPRegen  0.07/turn              (no ring)
MPRegen  0.12/turn              (no ring)

@: mighty, very quick
A: very small, unfitting armour, see invisible, speed 3
a: no special abilities


You were on level 3 of the Dungeon.
You visited 1 branch of the dungeon, and saw 3 of its levels.

You collected 49 gold pieces.

Inventory:

Hand Weapons
 a - a +1 dagger of speed
 d - a +0 hunting sling
 h - a +1 dagger of venom
 k - a +1 rapier (weapon)
Missiles
 l - 9 poisoned darts (quivered)
Armour
 b - a +0 robe (worn)
 c - a +0 hat (worn)
Jewellery
 e - an amulet of the acrobat (around neck)
Scrolls
 p - a scroll of teleportation
Potions
 f - a potion of brilliance
 g - a potion of stabbing
 i - a potion of degeneration {unknown}


   Skills:
 + Level 1.7 Fighting
 + Level 2.3 Short Blades
 - Level 3.0 Dodging
 - Level 3.0 Stealth
 - Level 4.0 Spellcasting
 - Level 0.6 Conjurations
   Level 0.7 Summonings
 + Level 3.1 Translocations


You had 8 spell levels left.
You knew the following spells:

 Your Spells              Type           Power        Failure   Level
a - Magic Dart            Conj           #...         14%         1
b - Blink                 Tloc           N/A          8%          2

Your spell library contained the following spells:

 Spells                   Type           Power        Failure   Level
 Call Imp                 Summ           #.......     21%         2
 Slow                     Hex            #.......     26%         2
 Conjure Flame            Conj/Fire      #.......     43%         3
 Mephitic Cloud           Conj/Pois/Air  #.......     45%         3


Dungeon Overview and Level Annotations

Branches:
Dungeon (3/15)

Altars:
Kikubaaqudgha
Vehumet

Annotations:
D:3 Grinder


Innate Abilities, Weirdness & Mutations

You are very small and have problems with some larger weapons.
You are too small for most types of armour.
You have supernaturally acute eyesight. (SInv)
You cover ground extremely quickly.


Message History

Grinder is moderately wounded.
The goblin hits you but does no damage. Grinder gestures at you.
You suddenly lose the ability to move!
The orc wizard mumbles some strange words.
The orc wizard seems to speed up.
The goblin hits you with a +0 dagger.
* * * LOW HITPOINT WARNING * * *
Grinder says, "Just stop there for a second..."
Grinder gestures at you. You resist with some effort.
The goblin hits you with a +0 dagger.
* * * LOW HITPOINT WARNING * * *
Grinder hits you.
* * * LOW HITPOINT WARNING * * *
The goblin barely misses you. Grinder barely misses you.
The goblin barely misses you.
You can move again.
You puncture Grinder!
Grinder is heavily wounded.
Grinder blinks!
The goblin hits you with a +0 dagger.
You die...

#........##.##.#
#.##..=####.##.# #.###)##
#.##.. #.# #.# #.#### ###.#
#.# #.# #..)# #.# #.# #.###
#.# #.# .. #ยง# #.# ..# ..#
#@# #.# ).### #g# #.###
.....### #o# #.##.. #....#
#o# #.# #.#
##.).###o#####.. #.#####
#..o.g..5......# ##.....
_....#o###.######.###.#####
..# #.# #.#######.#.## #g#
#...........#


You could see Grinder, an orc wizard (fast, invisible), 2 orcs and a goblin.

Vanquished Creatures
  3 adders (D:2)
  4 worms (D:2)
  3 dart slugs
  A leopard gecko (D:3)
  3 goblins
  4 hobgoblins
  6 bats
  2 frilled lizards
  5 kobolds
  4 rats
35 creatures vanquished.

Notes
Turn   | Place    | Note
-------+----------+-------------------------------------------
     0 | D:1      | Ijustatesigmund the Spriggan Hedge Wizard began the quest
                  | for the Orb.
     0 | D:1      | Reached XP level 1. HP: 9/9 MP: 6/6
   232 | D:1      | Reached skill level 1 in Short Blades
   268 | D:1      | Reached XP level 2. HP: 14/14 MP: 8/8
   272 | D:1      | Learned a level 2 spell: Blink
   707 | D:2      | Found an ancient bone altar of Kikubaaqudgha.
   749 | D:2      | Reached skill level 1 in Fighting
  1007 | D:2      | Reached XP level 3. HP: 18/18 MP: 9/9
  2239 | D:2      | Found a faded altar of an unknown god.
  2699 | D:2      | Reached XP level 4. HP: 23/23 MP: 11/11
  3135 | D:3      | Found a radiant altar of Vehumet.
  3135 | D:3      | Noticed Grinder
  3146 | D:3      | Paralysed by Grinder for 4 turns
  3159 | D:3      | Paralysed by Grinder for 3 turns
  3166 | D:3      | Paralysed by Grinder for 4 turns
  3168 | D:3      | HP: 1/23 [Grinder (2)]
  3170 | D:3      | Slain by a goblin

Illustrated notes

Levels and vault maps discovered:
D:1:      psy_arrival_heroes, layout_loops_ring
D:2:      layout_basic, overflow_temple_1_default,
          chequers_ecumenical_altar_grove
D:3:      layout_loops_ring, vehumet_crystals, uniq_grinder,
          uniq_crazy_yiuf_cottage

Skill      XL: |  1  2  3 |
---------------+----------+-----
Short Blades   | 1 2 |  2.3
Fighting       | 1 |  1.7
Translocations | 2 3 |  3.1
Dodging        | |  3.0
Stealth        | |  3.0
Spellcasting   | |  4.0
Conjurations   | |  0.6
Summonings     | |  0.7

Action                   |  1- 3 |  4- 6 || total
-------------------------+-------+-------++-------
Melee: Dagger            |   135 |     4 ||   139
       Rapier            |       |     9 ||     9
Throw: Dart              |    26 |       ||    26
 Cast: Blink             |     2 |     3 ||     5
  Use: Scroll            |     4 |     2 ||     6
       Potion            |     2 |     3 ||     5
 Stab: Sleeping          |    13 |     3 ||    16
Armor: Robe              |     7 |     1 ||     8
Dodge: Dodged            |    58 |    12 ||    70

Table legend: (Time is in decaauts)
 A = Elapsed time spent in this place.
 B = Non-inter-level travel time spent in this place.
 C = Inter-level travel time spent in this place.
 D = Time resting spent in this place.
 E = Time spent auto-exploring this place.
 F = Levels seen in this place.
 G = Mean time per level.
                   A        B        C        D        E       F      G
               +--------+--------+--------+--------+--------+-----+--------+
         Total |   2408 |   2331 |     77 |   1128 |    835 |   3 |  802.7 |
       Dungeon |   2408 |   2331 |     77 |   1128 |    835 |   3 |  802.7 |
               +--------+--------+--------+--------+--------+-----+--------+

Top non-repeatable levels by time:
     D:2: 1548 daAuts
     D:1: 761 daAuts
     D:3: 98 daAuts
